 Dungeon Crawl Stone Soup version 0.29.1-15-g9cfb28693d (webtiles) character file.

Game seed: 454610283979263315

11193 SuitingOatcake the Arsonist (level 11, -6/73 HPs)
             Began as a Demonspawn Fire Elementalist on Apr 25, 2023.
             Was a High Priest of Sif Muna.
             Shot with a bolt by an orc warrior (10 damage)
             ... on level 2 of the Orcish Mines.
             The game lasted 01:44:59 (14922 turns).

SuitingOatcake the Arsonist (DsFE)                 Turns: 14922, Time: 01:45:00

Health: -6/73      AC:  9    Str:  8    XL:     11   Next: 46%
Magic:  26/26      EV: 13    Int: 28    God:    Sif Muna [*****.]
Gold:   879        SH:  0    Dex: 14    Spells: 13/32 levels left

rFire   + + .      SeeInvis .   z - +4 dagger "Morg" {pain, Will+ Int+5}
rCold   + . .      Faith    .   (no shield)
rNeg    . . .      Spirit   .   F - +1 robe {rC+ rF+}
rPois   .          Reflect  .   (no helmet)
rElec   .          Harm     .   (no cloak)
rCorr   .          Rampage  .   (no gloves)
Will    +....                   e - +3 pair of boots of Bollel {Int+2}
Stlth   ++........              i - amulet of magic regeneration
HPRegen 0.22/turn               m - ring of fire
MPRegen 0.60/turn               k - ring of protection from cold

@: no status effects
A: hooves 2, rugged brown scales 2, demonic guardian 1, icemail 1, condensation
shield
a: Renounce Religion, Channel Magic, Forget Spell, Divine Exegesis


You were on level 2 of the Orcish Mines.
You worshipped Sif Muna.
Sif Muna was extremely pleased with you.
You visited 3 branches of the dungeon, and saw 12 of its levels.

You collected 962 gold pieces.
You spent 83 gold pieces at shops.

Inventory:

Hand Weapons
 a - a +2 hand axe of draining
 z - the +4 dagger "Morg" (weapon) {pain, Will+ Int+5}
   (You found it on level 6 of the Dungeon)

   In the hands of one skilled in necromantic magic, it inflicts extra damage on
   living creatures.
   Int:       It affects your intelligence (+5).
   Will:      It increases your willpower.
Armour
 e - the +3 pair of boots of Bollel (worn) {Int+2}
   (You found it on level 6 of the Dungeon)

   Int:       It affects your intelligence (+2).
 g - a +1 leather armour of cold resistance
 F - a +1 robe of resistance (worn)
Magical Staves
 p - a staff of fire
 A - a staff of earth
 E - a staff of conjuration
Jewellery
 i - an amulet of magic regeneration (around neck)
 k - a ring of protection from cold (right hand)
 m - a ring of fire (left hand)
 u - a ring of protection from fire
Wands
 f - a wand of mindburst (6) (quivered)
 j - a wand of polymorph (17)
 s - a wand of paralysis (10)
 B - a wand of light (7)
Scrolls
 n - a scroll of silence
 q - a scroll of brand weapon
 r - 2 scrolls of amnesia
 t - 3 scrolls of enchant weapon
 y - 2 scrolls of magic mapping
Potions
 d - 5 potions of curing
 o - a potion of resistance
 v - 3 potions of flight
 w - 2 potions of magic
 C - a potion of brilliance
Miscellaneous
 c - a piece from Xom's chessboard (15/15)


   Skills:
 + Level 1.2 Fighting
 + Level 0.7 Short Blades
 + Level 3.4 Dodging
 + Level 3.4 Stealth
 + Level 1.8 Shields
 + Level 11.0 Spellcasting
 + Level 3.4 Conjurations
 + Level 4.6 Hexes
 + Level 11.0 Fire Magic
 + Level 0.1 Ice Magic


You had 13 spell levels left.
You knew the following spells:

 Your Spells              Type           Power      Damage    Failure   Level
a - Foxfire               Conj/Fire      100%       2x1d9     1%          1
b - Scorch                Fire           100%       2d10      1%          2
c - Slow                  Hex            100%       N/A       1%          1
d - Conjure Flame         Conj/Fire      71%        6-21      1%          3
e - Inner Flame           Hex/Fire       73%        N/A       1%          3
f - Flame Wave            Conj/Fire      71%        2d16      1%          4
g - Cause Fear            Hex            20%        N/A       5%          4
h - Freeze                Ice            64%        1d8       3%          1

Your spell library contained the following spells:

 Spells                   Type           Power      Damage    Failure   Level
 Confusing Touch          Hex            41%        N/A       1%          3
 Apportation              Tloc           30%        N/A       3%          1
 Necrotise                Necr           60%        1d7       3%          1
 Summon Small Mammal      Summ           60%        N/A       3%          1
 Sublimation of Blood     Necr           15%        N/A       5%          2
 Wereblood                Tmut           15%        N/A       5%          2
 Frozen Ramparts          Ice            32%        1d5       11%         3
 Vampiric Draining        Necr           15%        2d7       11%         3
 Hailstorm                Conj/Ice       25%        3d7       17%         4
 Iskenderun's Mystic Bla  Conj/Tloc      25%        2d7       19%         4
 Iskenderun's Battlesphe  Conj           34%        2d9       24%         5
 Ice Form                 Ice/Tmut       15%        N/A       34%         4
 Irradiate                Conj/Tmut      12%        3d15      45%         5
 Agony                    Necr           15%        N/A       69%         5
 Iron Shot                Conj/Erth      12%        9d3       95%         6
 Simulacrum               Ice/Necr       7%         N/A       99%         6
 Spellforged Servitor     Conj/Summ      12%        N/A       100%        7
 Summon Hydra             Summ           7%         N/A       100%        7
 Discord                  Hex            20%        N/A       100%        8


Dungeon Overview and Level Annotations

Branches:
Dungeon (9/15)             Temple (1/1) D:5             Orc (2/2) D:9
   Lair: D:8-11         Elf: Orc:2

Altars:
Ashenzari
Cheibriados
Dithmenos
Gozag
Hepliaklqana
Kikubaaqudgha
Makhleb
Nemelex Xobeh
Okawaru
Qazlal
Ru
Sif Muna
Uskayaw
Vehumet
Wu Jian
Xom
Yredelemnul

Shops:
D:1 *?   Orc:2 (

Annotations:
D:4 Pikel
Orc:2 Snorg


Innate Abilities, Weirdness & Mutations

You have hoof-like feet.
You are mostly covered in rugged brown scales. (AC +2, +5% HP)
A weak demonic guardian rushes to your aid.
A meltable icy envelope protects you from harm. (AC +0)
A meltable shield of frost defends you. (SH +0)


Message History

The orc high priest mumbles some strange prayers to Beogh.
An orc priest comes into view. It is wielding a +0 club.
You hear a shout! x2
There is a stone staircase leading down here.
You hear a shout!
The orc priest mumbles some strange prayers to Beogh against you.
Beogh smites you!
A demonic guardian appears!
You climb downwards.
Your summoned ally is left behind.
Level annotation: Snorg Snorg closely misses you.
Snorg misses you. Snorg completely misses you. Snorg bites you.
Snorg completely misses you. Snorg claws you!
There is a stone staircase leading up, spattered with blood here.
Press: ? - help, v - describe, . - travel A stone staircase leading up, spattered with blood.
Unknown command.
You feel much better. Snorg bites you!! Snorg closely misses you.
You block Snorg's attack. Snorg barely misses you. Snorg claws you! x2
* * * LOW HITPOINT WARNING * * *
Snorg misses you. Snorg claws you.
* * * LOW HITPOINT WARNING * * *
Snorg misses you.
You feel much better. Snorg barely misses you.
Snorg claws you but does no damage. Snorg closely misses you.
The orc sorcerer howls an incantation.
The orc sorcerer shimmers violently.
Snorg misses you. Snorg claws you! Snorg barely misses you.
The orc sorcerer mumbles some strange words.
The orc sorcerer's hands start to glow.
The orc sorcerer casts a spell at you. The bolt of fire hits you!
Your icy defenses dissipate!
You resist.
* * * LOW HITPOINT WARNING * * *
The orc warrior seems to regain its courage.
The orc warrior shoots a bolt.
The bolt closely misses you. Snorg bites you but does no damage.
Snorg claws you!!
* * * LOW HITPOINT WARNING * * *
Snorg barely misses you.
The orc warrior shoots a bolt.
The bolt hits you!
You die...

........########################.
..#.................o.....<......
..##.........#...................
................<..∩.#...........
.................................
.................................
............<..#.................
..............T..................
...#............@................
..........o......................
.................................
........$...............#.......o
......................$...$......
.............#................##
#...........$................ .
...........................
##....##....##....#.##.#.#


You could see Snorg (berserk), an orc sorcerer and an orc warrior.

Vanquished Creatures
  A hydra (D:8)
  An orc high priest (Orc:1)
  An ugly thing (D:8)
  2 orc sorcerers
  A manticore (D:8)
  A cyclops (D:8)
  Joseph (D:8)
  4 kobold demonologists
  A troll (D:9)
  A hornet (D:9)
  A wyvern (D:9)
  7 yaks (D:8)
  2 wargs (Orc:2)
  A water moccasin (D:7)
  9 orc warriors
  2 ice beasts
  2 sky beasts (D:8)
  A black bear (D:4)
  4 ogres
  4 centaurs
  2 lemures
  2 phantoms (D:6)
  A kobold brigand (D:7)
  A necrophage (D:6)
  2 bullfrogs
  A gnoll sergeant (D:9)
  3 scorpions
  A wyvern skeleton (D:6)
  3 wights (D:6)
  A howler monkey (D:6)
  A spectral bullfrog (D:6)
  An electric eel (D:9)
  A crimson imp (D:9)
  2 hounds
  A water moccasin simulacrum (D:6)
  A jelly (D:3)
  11 orc priests
  A gnoll bouda (D:6)
  6 iguanas
  11 orc wizards
  A howler monkey zombie (D:6)
  10 gnolls
  9 adders
  A shadow imp (D:6)
  2 white imps
  2 ufetubi
  A worm (D:3)
  4 dart slugs
  40 orcs
  9 ball pythons
  12 endoplasms
  8 giant cockroaches
  6 goblins
  10 hobgoblins
  4 quokkas
  5 bats
  4 frilled lizards
  8 kobolds
  7 rats
243 creatures vanquished.

Vanquished Creatures (collateral kills)
  A catoblepas (D:8)
1 creature vanquished.

Vanquished Creatures (others)
  345 foxfires
  14 withered plants (D:6)
359 creatures vanquished.

Grand Total: 603 creatures vanquished

Notes
Turn   | Place    | Note
-------+----------+-------------------------------------------
     0 | D:1      | SuitingOatcake the Demonspawn Fire Elementalist began the
                  | quest for the Orb.
     0 | D:1      | Reached XP level 1. HP: 13/13 MP: 3/3
   510 | D:1      | Gained mutation: You are partially covered in rugged brown
                  | scales. (AC +1, +3% HP) [demonic ancestry]
   510 | D:1      | Reached XP level 2. HP: 13/19 MP: 1/5
  1071 | D:1      | Found a faded altar of an unknown god.
  1099 | D:1      | Found Jogoa's Assorted Antiques.
  1104 | D:1      | Bought a scroll labelled XIYSYFOGHOD for 23 gold pieces
  1104 | D:1      | Bought a red potion for 20 gold pieces
  1104 | D:1      | Bought a sedimented purple potion for 20 gold pieces
  1324 | D:1      | Found Owurch's Magic Scroll Shoppe.
  1335 | D:1      | Bought a scroll of identify for 20 gold pieces
  1338 | D:1      | Learned a level 2 spell: Scorch
  1440 | D:2      | Found a shimmering blue altar of Sif Muna.
  1450 | D:2      | Became a worshipper of Sif Muna the Loreminder
  1696 | D:2      | Reached XP level 3. HP: 24/24 MP: 0/6
  2232 | D:2      | Gained mutation: A meltable shield of frost defends you.
                  | (SH +0) [demonic ancestry]
  2232 | D:2      | Reached XP level 4. HP: 23/30 MP: 0/8
  2845 | D:3      | Reached * piety under Sif Muna
  2946 | D:3      | Learned a level 1 spell: Slow
  3004 | D:3      | Reached XP level 5. HP: 36/36 MP: 1/9
  3493 | D:4      | Noticed a moth of wrath
  3511 | D:4      | Noticed a black bear
  3615 | D:4      | Found a snail-covered altar of Cheibriados.
  3617 | D:4      | Found an ornate altar of the Wu Jian Council.
  3645 | D:4      | Found an opulent altar of Gozag.
  3688 | D:4      | Reached ** piety under Sif Muna
  3723 | D:4      | Gained mutation: You are mostly covered in rugged brown
                  | scales. (AC +2, +5% HP) [demonic ancestry]
  3723 | D:4      | Reached XP level 6. HP: 31/43 MP: 6/11
  3894 | D:4      | Noticed Pikel
  3978 | D:4      | Reached skill level 5 in Fire Magic
  3993 | D:5      | Entered Level 5 of the Dungeon
  4042 | D:5      | Found a sparkling altar of Nemelex Xobeh.
  4179 | D:5      | Noticed an ice beast
  4232 | D:5      | Gained mutation: You have large cloven feet. [demonic
                  | ancestry]
  4232 | D:5      | Reached XP level 7. HP: 28/48 MP: 11/13
  4379 | D:5      | Found a staircase to the Ecumenical Temple.
  4389 | Temple   | Entered the Ecumenical Temple
  4627 | D:5      | Learned a level 3 spell: Conjure Flame
  5066 | D:6      | Reached skill level 5 in Spellcasting
  5256 | D:6      | Found the +4 dagger "Morg" {pain, Will+ Int+5}
  5309 | D:6      | Reached *** piety under Sif Muna
  5310 | D:6      | Gained mutation: A weak demonic guardian rushes to your
                  | aid. [demonic ancestry]
  5310 | D:6      | Reached XP level 8. HP: 24/51 MP: 3/16
  5515 | D:6      | Found a hazy altar of Hepliaklqana.
  5516 | D:6      | Found a shadowy altar of Dithmenos.
  5614 | D:6      | Identified the +3 pair of boots of Bollel {Int+2}
  5652 | D:6      | Learned a level 3 spell: Inner Flame
  5982 | D:6      | Identified a scroll of acquirement
  5983 | D:6      | Acquired a book of Power
  6059 | D:7      | Found an iron altar of Okawaru.
  6752 | D:8      | Gained mutation: A meltable icy envelope protects you from
                  | harm. (AC +0) [demonic ancestry]
  6752 | D:8      | Reached XP level 9. HP: 60/60 MP: 12/20
  6925 | D:8      | Noticed a four-headed hydra
  7003 | D:8      | Reached skill level 1 in Shields
  7014 | D:8      | Noticed Joseph
  7274 | D:8      | Noticed a kobold demonologist
  7274 | D:8      | Noticed a kobold demonologist
  7274 | D:8      | Noticed a kobold demonologist
  7275 | D:8      | Noticed a hellwing
  7549 | D:8      | Noticed a troll
  7551 | D:8      | Noticed a cyclops
  7588 | D:8      | Noticed a kobold demonologist
  7596 | D:7      | Killed a kobold demonologist
  7597 | D:7      | Reached skill level 1 in Hexes
  7673 | D:7      | Killed a kobold demonologist
  7815 | D:7      | Killed a kobold demonologist
  7985 | D:8      | Killed a kobold demonologist
  8395 | D:8      | Noticed a green ugly thing
  8535 | D:8      | Killed Joseph
  8743 | D:8      | Found a broken altar of Ashenzari.
  8756 | D:8      | Killed a green ugly thing
  8757 | D:8      | Gained mutation: You have hoof-like feet. [demonic
                  | ancestry]
  8757 | D:8      | Reached XP level 10. HP: 54/67 MP: 15/23
  8811 | D:8      | Learned a level 4 spell: Flame Wave
  8816 | D:8      | Learned a level 4 spell: Cause Fear
  8957 | D:8      | Killed a four-headed hydra
  9025 | D:8      | Noticed a manticore
  9033 | D:8      | Killed a manticore
  9033 | D:8      | Reached **** piety under Sif Muna
  9288 | D:8      | Noticed a catoblepas
  9317 | D:8      | Killed a cyclops
  9507 | D:8      | Killed a catoblepas
  9508 | D:8      | Reached skill level 10 in Spellcasting
  9508 | D:8      | Reached skill level 10 in Fire Magic
  9750 | D:8      | Identified the +6 trident of Kablupie {elec, rPois rF+}
  9837 | D:8      | Identified the +0 gold dragon scales of Refuge {Contam
                  | rPois rF+ rC+ Will+ Str+3 SInv}
  9974 | D:9      | Found a hide-covered altar of Uskayaw.
 10329 | D:9      | Reached XP level 11. HP: 63/72 MP: 21/25
 10333 | D:9      | Reached skill level 1 in Fighting
 10990 | D:9      | Reached ***** piety under Sif Muna
 11010 | D:9      | Found the +2 hat of the Bear Spirit {Spirit, *Rage Will++}
 11011 | D:9      | Found a staircase to the Orcish Mines.
 11079 | D:9      | Found a radiant altar of Vehumet.
 11079 | D:9      | Found a burning altar of Makhleb.
 11090 | D:9      | Learned a level 1 spell: Freeze
 11492 | Orc:1    | Entered Level 1 of the Orcish Mines
 11513 | Orc:1    | Noticed an orc sorcerer
 11523 | Orc:1    | Killed an orc sorcerer
 12013 | Orc:1    | Noticed an orc high priest
 12079 | Orc:1    | Noticed an orc sorcerer
 12085 | D:9      | Received a gift from Sif Muna
 12464 | D:9      | Got Sif Muna's Book of the Impact {god gift}
 13066 | Orc:1    | Noticed a sixfirhy
 13066 | Orc:1    | Killed an orc high priest
 13716 | D:9      | Killed an orc sorcerer
 14332 | Orc:2    | Entered Level 2 of the Orcish Mines
 14332 | Orc:2    | Found Lisymu's Antique Weapon Boutique.
 14336 | Orc:2    | Noticed Snorg
 14897 | Orc:1    | Noticed an orc high priest
 14897 | Orc:1    | You fall into a shaft and drop 1 floor!
 14897 | Orc:2    | Noticed an orc knight
 14897 | Orc:2    | Noticed an orc sorcerer
 14921 | Orc:2    | HP: 3/73 [Snorg (18)]
 14922 | Orc:2    | Shot with a bolt by an orc warrior

Illustrated notes

Levels and vault maps discovered:
D:1:      amcnicky_arrival_underground_garden, layout_rooms,
          hellmonk_ecumenical_altar_inner_sanctum, serial_shops,
          nicolae_shop_hallway_plus, nicolae_lakefront_shop
D:2:      layout_loops_ring, basic_altar
D:3:      layout_rooms
D:4:      layout_loops_ring, overflow_temple_1_default, tgw_trog,
          nicolae_overflow_hidden_temple, uniq_pikel
D:5:      layout_rooms, nemelex_diamond_rough_becter, temple_green,
          gup_sewer_entry_pipe, minmay_misc_feat_tower
D:6:      layout_rooms, kennysheep_little_box,
          riverfiend_overflow_shadow_ancestor, dilly_guarded_unrand_morg
D:7:      layout_rooms, nicolae_tso_carved_into_rock, okawaru_trees_2
D:8:      minmay_tri_box, layout_loops_ring, evilmike_ruin_ashenzari,
          uniq_joseph
D:9:      layout_loops_ring, nicolae_uskayaw_dance_hall,
          grunt_temple_overflow_lords_of_destruction, erik_orc_2
Temple:   hellmonk_temple_two_chambers
Orc:1:    layout_caves, basic_altar
Orc:2:    st_orc_congregation, layout_caves, serial_shops, shop,
          ebering_ghost_rock_garden, uniq_snorg

Skill      XL: |  1  2  3  4  5  6  7  8  9 10 11 |
---------------+----------------------------------+-----
Fire Magic     | 3 4 5 6 7 9 10 11 | 11.0
Stealth        | 2 3 |  3.4
Spellcasting   | 3 4 5 7 9 10 11 | 11.0
Dodging        | 2 3 |  3.4
Conjurations   | 2 3 |  3.4
Shields        | 1 |  1.8
Hexes          | 2 4 |  4.6
Fighting       | 1 |  1.2
Short Blades   | |  0.7
Ice Magic      | |  0.1

Action                   |  1- 3 |  4- 6 |  7- 9 | 10-12 || total
-------------------------+-------+-------+-------+-------++-------
Melee: Dagger            |    11 |     6 |     2 |     5 ||    24
       Hand axe          |       |       |     2 |       ||     2
 Cast: Foxfire           |    38 |    40 |    69 |   106 ||   253
       Scorch            |    22 |    72 |    83 |    57 ||   234
       Slow              |       |     4 |       |       ||     4
       Conjure Flame     |       |       |     8 |       ||     8
       Inner Flame       |       |       |    32 |    74 ||   106
       Cause Fear        |       |       |       |     1 ||     1
       Freeze            |       |       |       |     4 ||     4
  Use: Scroll            |     5 |     5 |    10 |     5 ||    25
       Potion            |     3 |     1 |     5 |     4 ||    13
Armor: Robe              |     4 |     6 |    28 |    24 ||    62
Dodge: Dodged            |    19 |    24 |    48 |    54 ||   145
Block: Other             |       |     9 |    21 |    11 ||    41
